 Dungeon Crawl Stone Soup version 0.29-a0-380-gf50f0a9fbc (webtiles) character file.

Game seed: 2797833543171649224

328 bande the Covered (level 6, -8/39 HPs)
             Began as a Gargoyle Fighter on May 5, 2022.
             Killed by divine providence
             ... invoked by an orc priest
              (16 damage)
             ... on level 4 of the Dungeon.
             The game lasted 00:05:26 (2422 turns).

bande the Covered (Gargoyle Fighter)                Turns: 2422, Time: 00:05:26

Health: -8/39      AC: 14    Str: 20    XL:     6   Next: 50%
Magic:  6/6        EV:  7    Int:  8    God:
Gold:   113        SH:  5    Dex: 17    Spells: 5/5 levels left

rFire   . . .      SeeInvis .   a - +1 war axe (elec)
rCold   . . .      Faith    .   c - +0 buckler
rNeg    + . .      Spirit   .   j - +0 chain mail
rPois   ∞          Reflect  .   (no helmet)
rElec   +          Harm     .   (no cloak)
rCorr   .          Rampage  .   (no gloves)
Will    .....                   (no boots)
Stlth   ..........              (no amulet)
HPRegen 0.13/turn               f - +6 ring of dexterity
MPRegen 0.10/turn               (no ring)

@: no status effects
A: sickness immunity, AC +4, negative energy resistance 1, electricity
resistance, torment resistance 1, petrification resistance
a: no special abilities


You were on level 4 of the Dungeon.
You visited 1 branch of the dungeon, and saw 4 of its levels.
You also visited: Ossuary.

You collected 113 gold pieces.

Inventory:

Hand Weapons
 a - a +1 war axe of electrocution (weapon)
 l - a +1 mace of protection
Armour
 c - a +0 buckler (worn)
 j - a +0 chain mail (worn)
Jewellery
 f - a +6 ring of dexterity (left hand)
Scrolls
 i - a scroll of poison
Potions
 b - 3 potions of curing
 d - 3 potions of might
 e - 2 potions of brilliance
 o - a potion of haste
 p - a potion of ambrosia {unknown}
 q - a potion of berserk rage {unknown}


   Skills:
 + Level 4.3 Fighting
 + Level 4.2 Axes
 + Level 4.5 Armour
 - Level 0.1 Dodging
 + Level 4.2 Shields


You had 5 spell levels left.
You didn't know any spells.
Your spell library contained the following spells:

 Spells                   Type           Power      Damage    Failure   Level
 Foxfire                  Conj/Fire      0%         2x1d4     99%         1
 Ensorcelled Hibernation  Hex/Ice        0%         N/A       100%        2
 Passwall                 Tmut/Erth      0%         N/A       100%        2
 Conjure Flame            Conj/Fire      0%         6-21      100%        3
 Inner Flame              Hex/Fire       0%         N/A       100%        3
 Swiftness                Air            0%         N/A       100%        3
 Flame Wave               Conj/Fire      0%         2d4       100%        4
 Summon Forest            Summ/Tloc      0%         N/A       100%        5
 Eringya's Noxious Bog    Tmut/Pois      0%         N/A       100%        6
 Summon Hydra             Summ           0%         N/A       100%        7


Dungeon Overview and Level Annotations

Branches:
Dungeon (4/15)            Ossuary (visited)
 Temple: D:4-7

Altars:
Vehumet
Xom

Shops:
D:1 =(:?!

Annotations:
D:3 Sigmund
D:4 1 runed translucent door, freelancePsychic's ghost, amateur KoBe


Innate Abilities, Weirdness & Mutations

You are immune to sickness and miasma.
Your stone body is resilient. (AC +4)
You are immune to poison.
You resist negative energy. (rN+)
You are resistant to electric shocks. (rElec)
You are resistant to unholy torment.
You are immune to petrification.


Message History

You miss the bat. You slash the orc!
You kill the orc!
You block the bat's attack. Something hits you!
* * * LOW HITPOINT WARNING * * *
Something freezes you.
* * * LOW HITPOINT WARNING * * *
You are too injured to fight recklessly!
You are too injured to fight recklessly!
You are too injured to fight recklessly!
You are too injured to fight recklessly!
You are too injured to fight recklessly!
You are too injured to fight recklessly!
Unknown command.
The bat hits you but does no damage. The bat hits you but does no damage.
Things that are here:
a +0 dagger; 15 gold pieces The orc priest looks braver for a moment.
You block the bat's attack.
There is a stone staircase leading down here.
The bat hits you but does no damage. x2
You climb downwards.
Level annotation: 1 runed translucent door, freelancePsychic's ghost, amateur KoBe Reactivating autopickup.
You block the orc's attack. The orc hits you but does no damage.
There is a stone staircase leading up here.
You hit the orc. Lightning courses through the orc!
You kill the orc!
You slash the bat!
You kill the bat!
Unknown command.
Things that are here:
a +0 hand axe; an orc corpse An orc priest comes into view.
It is wielding a +0 whip.
You see here a bat corpse.
An orc comes into view.
It is wielding a +1 hand axe of electrocution.
An orc comes into view. It is wielding a +0 trident.
The orc priest calls down the wrath of Beogh upon you.
Beogh smites you!
You die...

#.#.....#.....###...#
..#.....##..†.....oo#
###.....####.....o..#
#..)..# #........#
#.....# #....o...#
#.....# #........#
#.....# #.......>#
#.....# #........#
####### #.)†.@...#
#.<......# ##########


You could see an orc priest and 3 orcs.

Vanquished Creatures
  A wraith (Ossuary)
  A scorpion (D:4)
  2 mummies
  An adder (D:2)
  2 dart slugs
  3 orcs
  4 ball pythons
  6 bats
  5 endoplasms
  3 giant cockroaches
  4 goblins
  2 hobgoblins (D:1)
  4 jackals (D:3)
  7 kobolds
  3 quokkas
  6 gnoll skeletons (Ossuary)
  A hobgoblin zombie (D:4)
  4 kobold skeletons (Ossuary)
  15 orc skeletons (Ossuary)
  3 rats
77 creatures vanquished.

Notes
Turn   | Place    | Note
-------+----------+-------------------------------------------
     0 | D:1      | bande the Gargoyle Fighter began the quest for the Orb.
     0 | D:1      | Reached XP level 1. HP: 14/14 MP: 1/1
    29 | D:1      | Found Ypyteh's Book Boutique.
   307 | D:1      | Reached XP level 2. HP: 19/19 MP: 2/2
   665 | D:1      | Found Gaatutew's Antique Weapon Shoppe.
   678 | D:1      | Found Vess's Jewellery Boutique.
   728 | D:1      | Found Duath's Distillery.
   806 | D:1      | Found Host's Magic Scroll Shop.
   950 | D:1      | Reached XP level 3. HP: 23/23 MP: 3/3
  1164 | D:2      | Found a radiant altar of Vehumet.
  1773 | D:3      | Found a faded altar of an unknown god.
  1777 | D:3      | Noticed Sigmund
  1890 | D:4      | Reached XP level 4. HP: 29/29 MP: 4/4
  1981 | D:4      | Found a sand-covered staircase.
  1989 | Ossuary  | Entered an ossuary
  1989 | Ossuary  | Noticed a wraith
  1989 | Ossuary  | Noticed a wraith
  1989 | Ossuary  | Noticed a wraith
  2033 | Ossuary  | Noticed a wraith
  2075 | Ossuary  | HP: 1/29 [wraith (4)]
  2078 | Ossuary  | Killed a wraith
  2079 | Ossuary  | Reached XP level 5. HP: 32/33 MP: 5/5
  2079 | Ossuary  | Reached XP level 6. HP: 37/38 MP: 6/6
  2249 | D:4      | Found a shimmering altar of Xom.
  2336 | D:4      | Noticed freelancePsychic's ghost (amateur KoBe)
  2391 | D:4      | Found a runed translucent door.
  2422 | D:4      | Killed from afar by an orc priest

Illustrated notes

Levels and vault maps discovered:
D:1:      minmay_arrival_solitary_statue, layout_basic, serial_shops,
          nicolae_shop_crystal, nicolae_shop_competitors_out_of_business,
          shop_fountains, nicolae_shop_crystal, nicolae_shop_crystal,
          serial_bayou_pond_e
D:2:      layout_basic, basic_altar
D:3:      layout_basic, basic_ecumenical_altar, minmay_strange_pillars,
          st_stairs_2, uniq_sigmund
D:4:      layout_rooms, mainiacjoe_overflow_paths, kennysheep_little_box,
          hellmonk_ghost_happy_afterlife, nicolae_ossuary_entry_giza,
          uniq_crazy_yiuf_cottage

Skill      XL: |  1  2  3  4  5  6 |
---------------+-------------------+-----
Axes           | 2 3 4 |  4.2
Armour         | 4 |  4.5
Fighting       | 4 |  4.3
Shields        | 4 |  4.2
Dodging        | |  0.1

Action                   |  1- 3 |  4- 6 || total
-------------------------+-------+-------++-------
Melee: War axe           |    97 |    86 ||   183
  Use: Scroll            |     6 |     6 ||    12
       Potion            |       |     2 ||     2
Armor: Scale mail        |    45 |       ||    45
       Chain mail        |    11 |    58 ||    69
Dodge: Dodged            |    48 |    26 ||    74
Block: Buckler           |    23 |    27 ||    50

Table legend: (Time is in decaauts)
 A = Elapsed time spent in this place.
 B = Non-inter-level travel time spent in this place.
 C = Inter-level travel time spent in this place.
 D = Time resting spent in this place.
 E = Time spent auto-exploring this place.
 F = Levels seen in this place.
 G = Mean time per level.
                   A        B        C        D        E       F      G
               +--------+--------+--------+--------+--------+-----+--------+
         Total |   2529 |   2459 |     70 |    190 |   1653 |   5 |  505.8 |
       Dungeon |   2285 |   2215 |     70 |    190 |   1559 |   4 |  571.2 |
       Ossuary |    243 |    243 |      0 |      0 |     94 |   1 |  243.0 |
               +--------+--------+--------+--------+--------+-----+--------+

Top non-repeatable levels by time:
     D:1: 1068 daAuts
     D:2: 596 daAuts
     D:4: 453 daAuts
 Ossuary: 243 daAuts
     D:3: 167 daAuts
